 Dungeon Crawl Stone Soup version 0.29.0-13-gc9e81de378 (webtiles) character file.

Game seed: 6262556130637672776

16 TheItachi the Chiller (level 2, -5/14 (15) HPs)
             Began as a Deep Elf Ice Elementalist on Sept 10, 2022.
             Slain by Crazy Yiuf
             ... wielding a +2 quarterstaff of chaos
              (10 damage)
             ... on level 2 of the Dungeon.
             The game lasted 00:02:10 (931 turns).

TheItachi the Chiller (Deep Elf Ice Elementalist)    Turns: 931, Time: 00:02:10

HP:   -5/14 (15)    AC:  3    Str:  5    XL:     2   Next: 41%
MP:   2/8           EV: 12    Int: 19    God:
Gold: 26            SH:  0    Dex: 15    Spells: 7/8 levels left

rFire   . . .      SeeInvis .   e - +0 hand axe
rCold   . . .      Faith    .   (no shield)
rNeg    . . .      Spirit   .   a - +1 robe
rPois   .          Reflect  .   (no helmet)
rElec   .          Harm     .   (no cloak)
rCorr   .          Rampage  .   (no gloves)
Will    .....                   (no boots)
Stlth   ++........              (no amulet)
HPRegen 0.04/turn               (no ring)
MPRegen 0.11/turn               (no ring)

@: drained
A: no striking features
a: no special abilities


You were on level 2 of the Dungeon.
You visited 1 branch of the dungeon, and saw 2 of its levels.

You collected 26 gold pieces.

Inventory:

Hand Weapons
 e - a +0 hand axe (weapon)
Armour
 a - a +1 robe (worn)
Scrolls
 f - a scroll of silence {unknown}
 g - a scroll of poison {unknown}
Potions
 b - a potion of magic


   Skills:
 - Level 2.6 Dodging
 - Level 2.7 Stealth
 + Level 3.5 Spellcasting
 + Level 4.6 Ice Magic


You had 7 spell levels left.
You knew the following spells:

 Your Spells              Type           Power      Damage    Failure   Level
a - Freeze                Ice            84%        1d10      2%          1

Your spell library contained the following spells:

 Spells                   Type           Power      Damage    Failure   Level
 Frozen Ramparts          Ice            42%        1d7       6%          3
 Ozocubu's Armour         Ice            21%        N/A       6%          3
 Apportation              Tloc           6%         N/A       14%         1
 Necrotise                Necr           12%        1d4       14%         1
 Summon Small Mammal      Summ           12%        N/A       14%         1
 Hailstorm                Conj/Ice       12%        3d5       50%         4


Dungeon Overview and Level Annotations

Branches:
Dungeon (2/15)

Altars:

Annotations:
D:2 1 runed translucent door, Crazy Yiuf, Terence


Message History

You kill the hobgoblin!
You see here a +0 dagger.
g - a scroll labelled PYXKOT NIFE
As you read the scroll labelled CILLUKK XANYR, it crumbles to dust.
It is a scroll of enchant armour.
Your +0 robe glows green for a moment.
Unknown command.
As you read the scroll labelled YGURAI JAUWKO, it crumbles to dust.
You feel strangely unstable.
It was a scroll of teleportation.
Unknown command.
Unknown command.
Your surroundings suddenly seem different.
Crazy Yiuf the Enlightened comes into view.
He is wielding a +2 quarterstaff of chaos.
Found a hammer.
Found a runed translucent door.
Casting: Freeze (safe; 2% risk of failure)
Confirm with . or Enter, or press ? or * to list all spells.
You can't see any susceptible monsters within range! (Use Z to cast anyway.)
Okay, then.
Crazy Yiuf shouts!
Crazy Yiuf cries, "Action unthinkable water!"
Crazy Yiuf closely misses you.
Casting: Freeze (safe; 2% risk of failure)
Confirm with . or Enter, or press ? or * to list all spells.
Aiming: Freeze (safe; 2% risk of failure)
Press: ? - help, Shift-Dir - straight line, f - Crazy Yiuf
Aim: Crazy Yiuf, wielding a +2 quarterstaff of chaos and wearing a +0 cloak You freeze Crazy Yiuf.
Crazy Yiuf is lightly wounded.
Crazy Yiuf hits you with a +2 quarterstaff of chaos!
You feel drained.
Casting: Freeze (safe; 2% risk of failure)
Confirm with . or Enter, or press ? or * to list all spells.
Aiming: Freeze (safe; 2% risk of failure)
Press: ? - help, Shift-Dir - straight line, f/p - Crazy Yiuf
Aim: Crazy Yiuf, wielding a +2 quarterstaff of chaos and wearing a +0 cloak (lightly wounded)
You freeze Crazy Yiuf!
Crazy Yiuf is severely wounded.
Crazy Yiuf hits you with a +2 quarterstaff of chaos!
Ouch! That really hurt!
You die...

#.....#
.
#.....#
.
####..#
..
#####
#)g.#
#@..#
#...#
##+##
♣.♣ ♣♣.
.♣ ♣.
♣♣


You could see Crazy Yiuf.

Vanquished Creatures
  A dart slug (D:1)
  A bat (D:1)
  An endoplasm (D:1)
  A goblin (D:2)
  2 hobgoblins
  4 jackals (D:1)
  A frilled lizard (D:1)
  A rat (D:1)
12 creatures vanquished.

Notes
Turn   | Place    | Note
-------+----------+-------------------------------------------
     0 | D:1      | TheItachi the Deep Elf Ice Elementalist began the quest for
                  | the Orb.
     0 | D:1      | Reached XP level 1. HP: 10/10 MP: 6/6
   393 | D:1      | Reached XP level 2. HP: 8/15 MP: 0/8
   875 | D:1      | You fall into a shaft and drop 1 floor!
   912 | D:2      | Noticed Terence
   928 | D:2      | Found a runed translucent door.
   928 | D:2      | Noticed Crazy Yiuf
   931 | D:2      | Slain by Crazy Yiuf

Illustrated notes

Levels and vault maps discovered:
D:1:      moated_graveyard_arrival, layout_loops_cross, minivault_14
D:2:      layout_basic, serial_shops, nicolae_shop_waterfront,
          ebering_ecumenical_altar_mist, uniq_terence, uniq_crazy_yiuf_cottage,
          uniq_robin, uniq_natasha

Action                   || total
-------------------------++-------
Melee: Hand axe          ||     5
 Cast: Freeze            ||    24
  Use: Scroll            ||     2
Armor: Robe              ||     4
Dodge: Dodged            ||    15
